 Dungeon Crawl Stone Soup version 0.29.1-15-g9cfb28693d (webtiles) character file.

Game seed: 4629898524818641606

5 Agrostarius the Trooper (level 1, 0/19 (20) HPs)
             Began as a Hill Orc Fighter on Mar 31, 2023.
             Slain by a hobgoblin (1 damage)
             ... on level 1 of the Dungeon.
             The game lasted 00:00:24 (65 turns).

Agrostarius the Trooper (Hill Orc Fighter)            Turns: 65, Time: 00:00:25

HP:   0/19 (20)     AC:  6    Str: 18    XL:     1   Next: 80%
MP:   1/1           EV:  9    Int:  8    God:
Gold: 33            SH:  4    Dex: 10    Spells: 0/0 levels left

rFire   . . .      SeeInvis .   a - +0 war axe
rCold   . . .      Faith    .   c - +0 buckler
rNeg    . . .      Spirit   .   b - +0 scale mail
rPois   .          Reflect  .   (no helmet)
rElec   .          Harm     .   (no cloak)
rCorr   .          Rampage  .   (no gloves)
Will    .....                   (no boots)
Stlth   ..........              (no amulet)
HPRegen 0.06/turn               (no ring)
MPRegen 0.07/turn               (no ring)

@: drained
A: no striking features
a: no special abilities


You were on level 1 of the Dungeon.
You visited 1 branch of the dungeon, and saw 1 of its levels.

You collected 33 gold pieces.

Inventory:

Hand Weapons
 a - a +0 war axe (weapon)
Armour
 b - a +0 scale mail (worn)
 c - a +0 buckler (worn)
Scrolls
 e - 3 scrolls of brand weapon {unknown}
Potions
 d - a potion of might


   Skills:
 + Level 3.7 Fighting
 + Level 2.7 Axes
 + Level 3.4 Armour
 + Level 3.4 Shields


You couldn't memorise any spells.
You didn't know any spells.
Your spell library was empty.

Dungeon Overview and Level Annotations

Branches:
Dungeon (1/15)

Altars:


Message History

The kobold closely misses you.
You barely miss the kobold. You miss the goblin.
The hobgoblin shouts!
The goblin hits you but does no damage.
You feel drained. The kobold hits you with a +0 whip.
Sorry, you're not good enough to have a special ability.
Unknown command.
You slash the goblin!
You kill the goblin!
You barely miss the kobold. The kobold hits you with a +0 whip. x2
You slash the kobold!
You kill the kobold!
You closely miss the hobgoblin. You slash the endoplasm!
You kill the endoplasm!
The hobgoblin hits you.
You closely miss the hobgoblin.
A rat comes into view.
The hobgoblin hits you.
* * * LOW HITPOINT WARNING * * *
The hobgoblin barely misses you.
The hobgoblin hits you but does no damage.
You barely miss the hobgoblin. You closely miss the hobgoblin.
The hobgoblin barely misses you. You block the hobgoblin's attack.
You hit the hobgoblin.
The hobgoblin is heavily wounded.
You hit the hobgoblin but do no damage. You block the hobgoblin's attack.
The hobgoblin hits you.
* * * LOW HITPOINT WARNING * * *
The hobgoblin misses you.
The hobgoblin hits you but does no damage.
The hobgoblin attacks as you move away! The hobgoblin completely misses you.
The hobgoblin attacks as you move away!
The hobgoblin hits you but does no damage.
The hobgoblin attacks as you move away! The hobgoblin barely misses you.
Unknown command.
The hobgoblin attacks as you move away!
The hobgoblin hits you but does no damage.
The hobgoblin attacks as you move away! The hobgoblin barely misses you.
The hobgoblin attacks as you move away! The hobgoblin hits you.
You die...

#.##.)........
######.##..##......
..########...#.....###......
................#### #.##♣♣♣
####......#..# #.#
.#..)......#..# #.#
.......).r.g...).# #.#
....#..####g..##.# #.#
............@....#
....................
.......###...>...### .......
#........# .......
#.......... ...........
#..###.##### #.. .#


You could see 2 hobgoblins and a rat.

Vanquished Creatures
  An endoplasm (D:1)
  2 goblins (D:1)
  A frilled lizard (D:1)
  A kobold (D:1)
5 creatures vanquished.

Notes
Turn   | Place    | Note
-------+----------+-------------------------------------------
     0 | D:1      | Agrostarius the Hill Orc Fighter began the quest for the
                  | Orb.
     0 | D:1      | Reached XP level 1. HP: 19/19 MP: 1/1
    65 | D:1      | Slain by a hobgoblin

Illustrated notes

Levels and vault maps discovered:
D:1:      lemuel_arrival_river_bridge, layout_rooms,
          hellmonk_ecumenical_altar_crossroads

Action                   || total
-------------------------++-------
Melee: War axe           ||    17
Armor: Scale mail        ||    11
Dodge: Dodged            ||    11
Block: Buckler           ||     3
